 Dungeon Crawl Stone Soup version 0.29.1-2-gbd0b4ee654 (webtiles) character file.

Game seed: 9819569133363423502

232 nshep25 the Chopper (level 5, -5/47 HPs)
             Began as a Minotaur Fighter on Oct 28, 2022.
             Slain by a gnoll
             ... wielding a +1 vorpal flail
              (8 damage)
             ... on level 4 of the Dungeon.
             The game lasted 00:04:12 (2529 turns).

nshep25 the Chopper (Minotaur Fighter)              Turns: 2529, Time: 00:04:13

Health: -5/47      AC:  7    Str: 23    XL:     5   Next: 73%
Magic:  4/4        EV: 10    Int:  5    God:
Gold:   149        SH:  4    Dex:  9    Spells: 4/4 levels left

rFire   . . .      SeeInvis .   a - +0 war axe
rCold   + . .      Faith    .   c - +0 buckler
rNeg    . . .      Spirit   .   s - +2 ring mail {rC+}
rPois   .          Reflect  .   (helmet restricted)
rElec   .          Harm     .   (no cloak)
rCorr   .          Rampage  .   (no gloves)
Will    .....                   (no boots)
Stlth   ..........              (no amulet)
HPRegen 0.15/turn               (no ring)
MPRegen 0.09/turn               (no ring)

@: no status effects
A: horns 2, retaliatory headbutt
a: no special abilities


You were on level 4 of the Dungeon.
You visited 1 branch of the dungeon, and saw 4 of its levels.

You collected 149 gold pieces.

Inventory:

Hand Weapons
 a - a +0 war axe (weapon)
Missiles
 k - 2 javelins (quivered)
Armour
 b - a +0 scale mail
 c - a +0 buckler (worn)
 s - a +2 ring mail of cold resistance (worn)
Jewellery
 f - a ring of ice
 g - an amulet of regeneration
 m - an amulet of the acrobat
Scrolls
 i - 12 scrolls of identify {unknown}
 l - 2 scrolls of teleportation {unknown}
 n - 3 scrolls of blinking {unknown}
 o - 4 scrolls of noise {unknown}
 q - a scroll of enchant armour {unknown}
 r - a scroll of vulnerability {unknown}
Potions
 d - 2 potions of might
 e - a potion of cancellation {unknown}
 h - a potion of degeneration {unknown}
 j - 3 potions of flight {unknown}
 p - a potion of curing {unknown}
 t - a potion of mutation {unknown}


   Skills:
 * Level 4.7 Fighting
 * Level 5.8 Axes
 + Level 4.3 Armour
 + Level 0.4 Dodging
 + Level 4.1 Shields


You had 4 spell levels left.
You didn't know any spells.
Your spell library contained the following spells:

 Spells                   Type           Power      Damage    Failure   Level
 Sandblast                Erth           0%         2d4       71%         1
 Passwall                 Tmut/Erth      0%         N/A       85%         2
 Stone Arrow              Conj/Erth      0%         3d7       97%         3


Dungeon Overview and Level Annotations

Branches:
Dungeon (4/15)
 Temple: D:4-7

Altars:
Sif Muna


Innate Abilities, Weirdness & Mutations

You have a pair of horns on your head.
You reflexively headbutt those who attack you in melee.


Message History

The hound bites you. The adder bites you but does no damage.
The hound barely misses you. You furiously retaliate!
You headbutt the hound!
The gnoll throws a throwing net.
The throwing net hits you.
You become entangled in the net!
You tear a large gash into the net.
The hound bites you. The adder bites you.
The adder bites you but does no damage. The hound bites you.
You struggle against the net.
The hound bites you. The adder bites you but does no damage.
You rip the net and break free!
The hound misses you. The adder barely misses you. You furiously retaliate!
You headbutt the adder!
You kill the adder!
The hound bites you but does no damage.
A gnoll comes into view. It is wielding a +0 halberd.
The hound bites you.
A gnoll comes into view. It is wielding a +1 vorpal flail.
The gnoll barely misses you.
Things that are here:
a +0 trident; a +0 scale mail; an adder corpse You closely miss the hound.
The hound is heavily wounded.
You hit the gnoll but do no damage. The hound bites you.
The hound closely misses you.
A gnoll comes into view. It is wielding a +0 spear.
You block the gnoll's attack.
The gnoll shouts!
You hit the gnoll.
The gnoll is heavily wounded.
You closely miss the hound. The hound barely misses you.
You furiously retaliate!
You headbutt the hound! The gnoll hits you with a +0 flail!
* * * LOW HITPOINT WARNING * * *
The hound completely misses you. You furiously retaliate!
You headbutt the hound.
You kill the hound!
You slash the gnoll!
You kill the gnoll!
The gnoll hits you from afar with a +0 halberd!
* * * LOW HITPOINT WARNING * * *
The gnoll hits you with a +1 vorpal flail!
You die...

#.##.#.##
#...###.# ..
####.#.## #..
##..# #.#
#.#.# #.#
##.##...#
##†))##.#
##....g..#
#....g@.##
#......g#
#.......$...
#.##......###
#. ##...#.# #
###.#.# #....
## ..


You could see 3 gnolls.

Vanquished Creatures
  A hound (D:4)
  Robin (D:3)
  5 gnolls
  5 adders
  2 worms
  2 dart slugs
  5 orcs
  9 ball pythons
  6 endoplasms
  A giant cockroach (D:2)
  11 goblins
  11 hobgoblins
  4 kobolds
  3 quokkas
  7 bats
  4 frilled lizards
  6 rats
83 creatures vanquished.

Notes
Turn   | Place    | Note
-------+----------+-------------------------------------------
     0 | D:1      | nshep25 the Minotaur Fighter began the quest for the Orb.
     0 | D:1      | Reached XP level 1. HP: 19/19 MP: 0/0
   434 | D:1      | Reached XP level 2. HP: 26/27 MP: 1/1
   656 | D:1      | Reached skill level 3 in Axes
  1061 | D:2      | Reached XP level 3. HP: 16/34 MP: 2/2
  1100 | D:2      | Reached skill level 4 in Axes
  1100 | D:2      | Reached XP level 4. HP: 24/41 MP: 3/3
  1861 | D:3      | Found a faded altar of an unknown god.
  1992 | D:3      | Reached XP level 5. HP: 47/47 MP: 4/4
  2033 | D:3      | Reached skill level 5 in Axes
  2232 | D:3      | Noticed Robin
  2243 | D:3      | Killed Robin
  2319 | D:3      | Found a shimmering blue altar of Sif Muna.
  2529 | D:4      | Slain by a gnoll

Illustrated notes

Levels and vault maps discovered:
D:1:      mrwooster_arrival_statue_3, layout_loops_corners
D:2:      minmay_razor_zed, layout_basic, wad_floor_pattern_untrapped
D:3:      minmay_inner_zag, layout_rooms, lemuel_blue_sif_altar,
          nicolae_ecumenical_pavilion, uniq_robin
D:4:      layout_loops_ring, nicolae_dithmenos_through_a_glass_darkly,
          mainiacjoe_overflow_tiny_flanked, nzn_wu_jian_contemplation

Skill      XL: |  1  2  3  4  5 |
---------------+----------------+-----
Fighting       | 4 |  4.7
Axes           | 3 4 5 |  5.8
Armour         | 4 |  4.3
Shields        | 4 |  4.1
Dodging        | |  0.4

Action                   |  1- 3 |  4- 6 || total
-------------------------+-------+-------++-------
Melee: War axe           |    57 |    83 ||   140
       Headbutt          |     9 |     7 ||    16
Armor: Scale mail        |    31 |    34 ||    65
       Ring mail         |       |    15 ||    15
Dodge: Dodged            |    28 |    56 ||    84
Block: Buckler           |    18 |    26 ||    44
